 Dungeon Crawl Stone Soup version 0.26-a0-104-gef3e9dd (webtiles) character file.

Game seed: 11009679784193966645

24637 Chirpers the Nimble (level 12, -4/117 HPs)
             Began as a Grey Draconian Berserker on June 23, 2020.
             Was an Elder of Trog.
             Slain by a komodo dragon (66 damage)
             ... on level 5 of the Lair of Beasts.
             The game lasted 00:43:23 (15242 turns).

Chirpers the Nimble (Grey Draconian Berserker)     Turns: 15242, Time: 00:43:24

Health: -4/117     AC: 34    Str: 25    XL:     12   Next: 82%
Magic:  12/12      EV: 22    Int:  9    God:    Trog [****..]
Gold:   1022       SH:  0    Dex: 17    Spells: 11/11 levels left

rFire    . . .     SeeInvis +   t - +9 morningstar of Ciamir {protect, +Fly MR+ Str+2}
rCold    . . .     Gourm    .   Y - +2 kite shield {AC+3}
rNeg     . . .     Faith    .   (armour unavailable)
rPois    .         Spirit   .   M - +2 hat {SInv}
rElec    .         Reflect  +   Z - +2 cloak {MR+}
rCorr    .         Harm     .   K - +2 pair of gloves
MR       ++...                  Q - +2 pair of boots
Stlth    ++........             U - amulet of reflection
HPRegen  0.29/turn              f - +6 ring of dexterity
MPRegen  0.13/turn              z - +4 ring of slaying

@: sleeping, protection aura, starving, studying Fighting
A: walk through water, unfitting armour, unbreathing, cold-blooded, AC +13
a: Berserk, Trog's Hand, Brothers in Arms, Renounce Religion, Evoke Flight


You were on level 5 of the Lair of Beasts.
You worshipped Trog.
Trog was greatly pleased with you.
You were starving.

You visited 2 branches of the dungeon, and saw 14 of its levels.
You also visited: Ossuary and Gauntlet.

You collected 1022 gold pieces.

Inventory:

Hand Weapons
 e - a +0 dagger of holy wrath
 t - the +9 morningstar of Ciamir (weapon) {protect, +Fly MR+ Str+2}
   (You took it off a minotaur in a Gauntlet)

   It grants its wielder temporary protection when it strikes (+7 to AC).
   It affects your strength (+2).
   It affects your resistance to hostile enchantments.
   It lets you fly.
 T - a +2 scimitar of draining
Missiles
 v - a throwing net (quivered)
Armour
 K - a +2 pair of gloves (worn)
 M - a +2 hat of see invisible (worn)
 Q - a +2 pair of boots (worn)
 Y - a +2 kite shield of protection (worn)
 Z - a +2 cloak of magic resistance (worn)
Jewellery
 a - an uncursed ring of poison resistance
 f - a +6 ring of dexterity (left hand)
 n - an uncursed ring of protection from fire
 x - an uncursed ring of ice
 z - a +4 ring of slaying (right hand)
 E - an uncursed ring of flight
 O - an uncursed ring of see invisible
 U - an amulet of reflection (around neck)
Wands
 g - a wand of flame (22)
 p - a wand of disintegration (9)
 u - a wand of digging (4)
 C - a wand of paralysis (24)
 D - a wand of polymorph (21)
 F - a wand of random effects (23)
 N - a wand of iceblast (9)
 S - a wand of clouds (4)
 V - a wand of acid (11)
Scrolls
 h - a scroll of amnesia {unknown}
 j - a scroll of immolation {unknown}
 k - a scroll of holy word {unknown}
 l - a scroll of noise {unknown}
 o - 2 scrolls of summoning {unknown}
 q - 3 scrolls of enchant weapon {unknown}
 s - 3 scrolls of fog
 y - 2 scrolls of fear {unknown}
 A - 2 scrolls of vulnerability {unknown}
 B - a scroll of brand weapon {unknown}
 G - a scroll of magic mapping
 L - 3 scrolls of remove curse
Potions
 d - 6 potions of curing
 i - a potion of stabbing {unknown}
 m - a potion of invisibility {unknown}
 r - 4 potions of flight
 w - a potion of might {unknown}
 H - 2 potions of resistance
 I - 3 potions of heal wounds
 J - 3 potions of haste
 R - a potion of mutation {unknown}
 W - a potion of ambrosia {unknown}
 X - 2 potions of cancellation
Books
 P - a manual of Fighting
Miscellaneous
 c - a tin of tremorstones (3/3)
Comestibles
 b - 18 rations


   Skills:
 + Level 14.1 Fighting
 - Level 1.0 Long Blades
   Level 3.0 Axes
 + Level 14.4 Dodging
 + Level 7.1 Shields
 + Level 1.1 Evocations


You had 11 spell levels left.
You didn't know any spells.
Your spell library was empty.

Dungeon Overview and Level Annotations

Branches:
Dungeon (9/15)             Temple (0/1) D:6            Lair (5/6) D:9
  Swamp (0/4) Lair:4       Spider (0/4) Lair:4      Ossuary (visited)
Gauntlet (visited)
  Slime: Lair:5-6       Orc: D:9-12

Altars:
Ashenzari
Cheibriados
Hepliaklqana
Ru
Trog
Wu Jian
Xom
Zin

Annotations:
D:8 1 runed translucent door, exclusion: 4 orange crystal statues
Lair:3 Chirpers's ghost, journeyman DrBe


Innate Abilities, Weirdness & Mutations

You can walk through water.
Your dull iron-grey scales are very hard. (AC +13)
You cannot fit into any form of body armour.
You can survive without breathing.
You are cold-blooded and may be slowed by cold attacks.


Message History

You tail-slap the dream sheep, but do no damage.
The dream sheep is severely wounded.
The komodo dragon bites the bush!!
The bush is destroyed!
The dream sheep ruffle their wool and motes of dream dust sparkle, to no effect.
You block the dream sheep's attack.
The dream sheep ruffle their wool and motes of dream dust sparkle, to no effect.
You thump the dream sheep!
You kill the dream sheep!
Trog accepts your kill. The komodo dragon barely misses you.
You thump the komodo dragon!
The komodo dragon is moderately wounded.
The dream sheep ruffle their wool and motes of dream dust sparkle, to no effect.
The dream sheep shake their wool and sparkle.
You feel drowsy...
You fall asleep.
The komodo dragon completely misses you.
The komodo dragon bites you!!!
Ouch! That really hurt!
You die...

#.## .##..# .#.#..
......# .[.... P..... ##
##...#...#P #....
.####..>.###### #....
....##.#..#### ..#...Y
.P..#....#...
.....Yl##P..........#
#@#.....##....#### P.#
##....# ##.....##.
.....##...^.###.....####
.....$......P.#...#.....
#...##.#P......P.....P#.
#P #####...#P..∩....##
#P...##.......$.P
##P.....##....P..
##P.......#...##


You could see a komodo dragon and 2 dream sheep.

Vanquished Creatures
  Gastronok (Lair:1)
  A minotaur (Gauntlet)
  Snorg (Lair:3)
  3 hydras
  2 two-headed ogres
  Nergalle (Lair:1)
  The ghost of pokeman the Thaumaturge, a novice DEWz of Vehumet (D:6)
  2 torpor snails (Gauntlet)
  A black mamba (Lair:2)
  9 elephants
  Maurice (D:8)
  Maggie (D:9)
  5 spiny frogs
  Joseph (Lair:1)
  2 komodo dragons (Lair:5)
  A troll (D:9)
  3 blink frogs (Lair:4)
  A hornet (Lair:4)
  A tyrant leech (Lair:4)
  4 dream sheep (Lair:5)
  4 hippogriffs
  3 shadows (Gauntlet)
  2 wyverns
  Grum (D:8)
  4 yaks (Lair:4)
  2 swamp worms (Lair:4)
  3 water moccasins (Lair:2)
  3 porcupines
  2 phantoms
  An orc warrior (D:9)
  A sky beast (D:9)
  A necrophage (D:9)
  8 wolves
  3 ogres
  A centaur (D:8)
  12 crocodiles
  7 bullfrogs
  9 scorpions
  2 wyvern skeletons
  3 howler monkeys (D:8)
  4 crimson imps
  A bullfrog zombie (D:9)
  An orc priest (D:9)
  6 hounds
  A bullfrog skeleton (D:6)
  2 centaur skeletons
  A human zombie (Ossuary)
  4 jellies
  An iguana (D:6)
  3 orc wizards
  Ijyb (D:3)
  10 worker ants
  2 big kobold zombies (Ossuary)
  2 hound zombies (D:5)
  2 hound skeletons
  4 mummies
  3 worker ant zombies
  3 gnolls (D:4)
  5 scorpion zombies (Ossuary)
  9 adders
  2 shadow imps
  An adder zombie (D:5)
  6 oozes
  An adder skeleton (D:4)
  2 worms
  4 dart slugs
  6 leopard geckos
  34 orcs
  11 bats
  10 giant cockroaches
  20 goblins
  16 hobgoblins
  4 jackals
  6 quokkas
  3 ball pythons
  4 frilled lizards
  2 goblin zombies (Ossuary)
  2 hobgoblin zombies (Ossuary)
  11 kobolds
  3 kobold zombies
  A leopard gecko skeleton (D:4)
  6 orc zombies
  A quokka zombie (D:5)
  9 rats
344 creatures vanquished.

Vanquished Creatures (collateral kills)
  A dancing weapon (Lair:4)
1 creature vanquished.

Vanquished Creatures (others)
  A scorpion (Ossuary)
  An adder (D:9)
  A goblin zombie (Ossuary)
  A bush (Lair:5)
  5 fungi
  A plant (Gauntlet)
10 creatures vanquished.

Grand Total: 355 creatures vanquished

Notes
Turn   | Place    | Note
-------+----------+-------------------------------------------
     0 | D:1      | Chirpers the Draconian Berserker began the quest for the
                  | Orb.
     0 | D:1      | Reached XP level 1. HP: 19/19 MP: 1/1
   302 | D:1      | Reached XP level 2. HP: 15/26 MP: 2/2
  1110 | D:2      | Reached ** piety under Trog
  1110 | D:2      | Reached XP level 3. HP: 33/33 MP: 3/3
  1548 | D:2      | Reached XP level 4. HP: 41/41 MP: 4/4
  1698 | D:2      | Reached *** piety under Trog
  2291 | D:3      | Reached XP level 5. HP: 47/47 MP: 5/5
  2378 | D:3      | Noticed Ijyb
  2406 | D:3      | Killed Ijyb
  3031 | D:4      | Noticed an ogre
  3433 | D:4      | Killed an ogre
  3433 | D:4      | Reached skill level 5 in Fighting
  3433 | D:4      | Reached skill level 5 in Dodging
  3433 | D:4      | Reached XP level 6. HP: 56/56 MP: 6/6
  3712 | D:4      | Found a hazy altar of Hepliaklqana.
  4221 | D:4      | Found a shattered altar of Ashenzari.
  4422 | D:5      | Entered Level 5 of the Dungeon
  4554 | D:5      | Reached **** piety under Trog
  4664 | D:5      | Your scales start taking on a dull iron-grey colour.
  4664 | D:5      | Reached XP level 7. HP: 62/62 MP: 7/7
  4664 | D:5      | Gained mutation: You can survive without breathing. [Grey
                  | Draconian growth]
  5185 | D:5      | Found a bloodstained altar of Trog.
  5283 | D:6      | Found a staircase to the Ecumenical Temple.
  5627 | D:6      | Reached XP level 8. HP: 71/71 MP: 8/8
  6333 | D:6      | Found a large runed translucent door.
  6333 | D:6      | Found a large runed translucent door.
  6334 | D:6      | Noticed pokeman's ghost (novice DEWz)
  6344 | D:6      | Killed pokeman's ghost
  7036 | D:8      | Noticed an orange crystal statue
  7100 | D:8      | Noticed Maurice
  7106 | D:8      | Reached XP level 9. HP: 79/81 MP: 9/9
  7112 | D:8      | Killed Maurice
  7127 | D:8      | Found a sand-covered staircase.
  7147 | Ossuary  | Entered an ossuary
  7266 | Ossuary  | Reached ***** piety under Trog
  7396 | Ossuary  | Reached skill level 10 in Dodging
  7509 | D:8      | Found a sacrificial altar of Ru.
  7510 | D:8      | Found a bloodstained altar of Trog.
  7510 | D:8      | Found a glowing silver altar of Zin.
  7511 | D:8      | Found an ornate altar of the Wu Jian Council.
  7639 | D:8      | Found a runed translucent door.
  7640 | D:8      | Found the +10 tower shield of Ignorance {rN+ Int-4}
  7677 | D:8      | Noticed an orange crystal statue
  7677 | D:8      | Noticed an orange crystal statue
  7677 | D:8      | Noticed an orange crystal statue
  7825 | D:8      | Paralysed by a hornet for 2 turns
  7831 | D:8      | Found a runed translucent door.
  8238 | D:8      | Noticed Grum
  8245 | D:8      | Noticed a two-headed ogre
  8262 | D:8      | Killed a two-headed ogre
  8284 | D:8      | Killed Grum
  8517 | D:8      | Reached XP level 10. HP: 93/93 MP: 10/10
  8777 | D:9      | Found a staircase to the Lair.
  8789 | D:9      | Reached skill level 10 in Fighting
  8834 | D:9      | Received a gift from Trog
  9184 | D:9      | Noticed Maggie
  9192 | D:9      | Killed Maggie
  9227 | D:9      | Noticed a two-headed ogre
  9337 | D:9      | Killed a two-headed ogre
  9337 | D:9      | Reached skill level 1 in Long Blades
  9688 | D:9      | Found a snail-covered altar of Cheibriados.
  9800 | Lair:1   | Entered Level 1 of the Lair of Beasts
  9924 | Lair:1   | Noticed Joseph
  9935 | Lair:1   | Killed Joseph
 10138 | Lair:1   | Noticed Nergalle
 10148 | Lair:1   | Killed Nergalle
 10191 | Lair:1   | Noticed a spiny frog
 10194 | Lair:1   | Killed a spiny frog
 10312 | Lair:1   | Reached XP level 11. HP: 102/102 MP: 11/11
 10321 | Lair:1   | Noticed Gastronok
 10338 | Lair:1   | Killed Gastronok
 11179 | Lair:2   | Noticed a seven-headed hydra
 11188 | Lair:2   | Killed an 11-headed hydra
 11390 | Lair:3   | Noticed an eight-headed hydra
 11402 | Lair:3   | Killed an eight-headed hydra
 12098 | Lair:4   | Noticed Snorg
 12130 | Lair:3   | Killed Snorg
 12130 | Lair:3   | Reached skill level 1 in Shields
 12362 | Lair:4   | Found a hole to the Spider Nest.
 12670 | Lair:4   | Reached XP level 12. HP: 99/115 MP: 12/12
 13010 | Lair:4   | Found a runed translucent door.
 13095 | Lair:4   | Found a shimmering altar of Xom.
 13095 | Lair:4   | Noticed Chirpers's ghost (journeyman DrBe)
 13580 | Lair:4   | Found a staircase to the Swamp.
 14090 | Lair:4   | Noticed a five-headed hydra
 14102 | Lair:4   | Killed a five-headed hydra
 14102 | Lair:4   | Reached skill level 1 in Evocations
 14603 | Lair:5   | Found a gate leading to a gauntlet.
 14614 | Gauntlet | Entered a Gauntlet
 14614 | Gauntlet | Found a transporter.
 14614 | Gauntlet | Found a transporter.
 14617 | Gauntlet | Found a transporter.
 14617 | Gauntlet | Found a transporter.
 14621 | Gauntlet | Found a transporter.
 14621 | Gauntlet | Found a transporter.
 14669 | Gauntlet | Reached skill level 5 in Shields
 14894 | Gauntlet | Found a runed translucent door.
 14896 | Gauntlet | Found a runed translucent door.
 14899 | Gauntlet | Found a transporter.
 14902 | Gauntlet | Found a transporter.
 14903 | Gauntlet | Found a transporter.
 14903 | Gauntlet | Found a transporter.
 14989 | Gauntlet | Found a transporter.
 15008 | Gauntlet | Found a transporter.
 15094 | Gauntlet | Identified the +9 morningstar of Ciamir {protect, +Fly MR+
                  | Str+2}
 15094 | Gauntlet | Identified the +7 shortbow "Dragon's Tongue" {speed, rElec
                  | rC- Dex+3}
 15094 | Gauntlet | Identified the +3 scale mail of Indomitability {rPois}
 15094 | Gauntlet | Noticed a minotaur
 15108 | Gauntlet | Killed a minotaur
 15135 | Gauntlet | Identified the Compendium of Fetching Transmutation
 15242 | Lair:5   | Slain by a komodo dragon

Illustrated notes

Levels and vault maps discovered:
D:1:      lightli_arrival_noodles, layout_loops_cross
D:2:      cheibrodos_greedy_goblins, layout_loops_cross, first_ration
D:3:      layout_basic, uniq_ijyb
D:4:      layout_layer_cave, kennysheep_mini, evilmike_ruin_ashenzari
D:5:      layout_loops_ring, trog_hazing_becter
D:6:      layout_layer_cave, minmay_temple_entry_junction_2,
          ebering_ghost_disaster_area
D:7:      layout_cave_pools
D:8:      layout_basic, chequers_temple_overflow_statue_of_worship,
          nicolae_ossuary_entry_giza, hangedman_little_slice_of_home,
          chequers_guarded_unrand_ignorance, uniq_grum, uniq_maurice
D:9:      layout_basic, kennysheep_little_box, lair_entry_dummy, uniq_maggie
Lair:1:   layout_chaotic_city, uniq_joseph, uniq_nergalle, uniq_gastronok
Lair:2:   layout_roguey
Lair:3:   layout_long_grid
Lair:4:   layout_cave_shapes, minmay_swamp_entry_worms,
          nicolae_spider_entry_non_spiders, ebering_ghost_xom, st_stairs_12,
          chequers_serial_rivers_micro_a, minmay_holes, uniq_snorg
Lair:5:   layout_loops_ring, slime_altar_2, gauntlet_entry_generic,
          nicolae_quartered_pool_little, serial_bayou_shore_b,
          infiniplex_staircase_pool

Skill      XL: |  1  2  3  4  5  6  7  8  9 10 11 12 |
---------------+-------------------------------------+-----
Dodging        | 3 4 5 6 7 9 10 12 13 14 | 14.4
Fighting       | 4 5 6 8 9 11 13 14 | 14.1
Long Blades    | 1 |  1.0
Shields        | 2 7 |  7.1
Evocations     | 1 |  1.1
Axes           | |  3.0

Action                   |  1- 3 |  4- 6 |  7- 9 | 10-12 || total
-------------------------+-------+-------+-------+-------++-------
Melee: Hand axe          |    14 |    32 |   174 |       ||   220
       Dagger            |    89 |   297 |       |    62 ||   448
       Tailslap          |    13 |    43 |    54 |   127 ||   237
       Rapier            |       |       |   111 |    45 ||   156
       Great mace        |       |       |       |    67 ||    67
       Scimitar          |       |       |       |   287 ||   287
       Spear             |       |       |       |    13 ||    13
       Morningstar       |       |       |       |    24 ||    24
Invok: Berserk           |       |     1 |       |     7 ||     8
       Trog's Hand       |       |       |     1 |    11 ||    12
       Brothers in Arms  |       |       |       |     2 ||     2
Evoke: Wand              |       |       |     3 |     3 ||     6
  Use: Scroll            |       |       |     9 |    13 ||    22
 Stab: Sleeping          |     2 |     4 |     1 |     2 ||     9
       Distracted        |       |       |     1 |       ||     1
  Eat: Chunk             |     2 |    11 |    13 |    22 ||    48
       Ration            |       |       |       |     3 ||     3
Armor: Skin              |    38 |   106 |    90 |   181 ||   415
Dodge: Dodged            |    80 |   270 |   353 |   540 ||  1243
Block: Kite shield       |       |       |       |   343 ||   343
       Other             |       |       |       |     7 ||     7
       Reflection        |       |       |       |     1 ||     1
       Rpst.: Scimitar   |       |       |       |    86 ||    86

Table legend:
 A = Non-vault XP
 B = Vault XP
 C = Vault XP percentage of total XP
 D = Non-vault monster count
 E = Vault monster count
 F = Vault count percentage of total count
                 A         B        C        D         E       F
            +---------+---------+-------+---------+---------+-------
      Total |   20289 |   14908 |  42.4 |     251 |      95 |  27.5
            +---------+---------+-------+---------+---------+-------
        D:1 |      37 |       0 |   0.0 |      22 |       0 |   0.0
        D:2 |      77 |      26 |  25.2 |      27 |      13 |  32.5
        D:3 |      67 |      36 |  35.0 |      31 |       1 |   3.1
        D:4 |     284 |       0 |   0.0 |      25 |       0 |   0.0
        D:5 |     421 |      11 |   2.5 |      21 |       6 |  22.2
        D:6 |     883 |     463 |  34.4 |      24 |       1 |   4.0
        D:7 |     128 |       0 |   0.0 |       7 |       0 |   0.0
        D:8 |    1574 |    1063 |  40.3 |      15 |      15 |  50.0
        D:9 |    2546 |     434 |  14.6 |      24 |       1 |   4.0
     Lair:1 |    1496 |    3403 |  69.5 |       8 |       3 |  27.3
     Lair:2 |    3137 |       0 |   0.0 |      15 |       0 |   0.0
     Lair:3 |     983 |    1140 |  53.7 |       1 |       1 |  50.0
     Lair:4 |    6572 |    2101 |  24.2 |      22 |      14 |  38.9
     Lair:5 |    2084 |       0 |   0.0 |       9 |       0 |   0.0
    Ossuary |       0 |     618 | 100.0 |       0 |      28 | 100.0
   Gauntlet |       0 |    5613 | 100.0 |       0 |      12 | 100.0
            +---------+---------+-------+---------+---------+-------
